[ PARTIDA AOE2 · #505634759 ]
UnrankedPolacos vs Koreans
Equipo del jugador · DERR
Equipo rival · VICT
[ ANÁLISIS DE REPETICIÓN · EXTRAÍDO DE LA PARTIDA GRABADA ]
Feudal
9:41
Castillos
28:44
Imperial
—
| APM promedio | 50.1 |
| APM pico | 82 |
| eAPM promedio | 28.3 |
| Aldeanos / militares | 114 / 14 |
Foco
⚔️ 27.8% · 🌾 72.2%
Scout Cavalry ×9 · Militia ×3 · Mangonel ×2
Feudal
9:15
Castillos
23:16
Imperial
—
| APM promedio | 72.0 |
| APM pico | 125 |
| eAPM promedio | 40.3 |
| Aldeanos / militares | 140 / 126 |
Foco
⚔️ 61.3% · 🌾 38.7%
Archer ×110 · Fire Lancer ×11 · Spearman ×3 · Iron Pagoda ×2
Mapa de la partida
Recursos iniciales + cada clic de construcción. Líneas = muros · curvas = relieve. ◆ oro · ⬟ piedra · ● bayas · ✦ reliquia · ◌ hueco del cierre
Tu base· Abierta — hueco de 4t
Base de 苏沐卿· Abierta — flanco sin cerrar
Terreno inicial suavizado · ◌ = hueco del cierre detectado · pasá el cursor para detalles
Inputs por minuto
— Jaco - - 苏沐卿
Build order — Jaco
Primeras 150 de 260 acciones detectadas
| 0:00 | Encolar | Villager (Male) |
| 0:01 | Encolar | Villager (Male) |
| 0:02 | Construir | House |
| 0:03 | Construir | House |
| 0:17 | Encolar | Villager (Male) |
| 0:17 | Encolar | Villager (Male) |
| 0:18 | Encolar | Villager (Male) |
| 1:23 | Encolar | Villager (Male) |
| 1:23 | Encolar | Villager (Male) |
| 1:46 | Construir | Lumber Camp |
| 1:48 | Encolar | Villager (Male) |
| 2:21 | Encolar | Villager (Male) |
| 2:21 | Encolar | Villager (Male) |
| 2:50 | Encolar | Villager (Male) |
| 2:51 | Encolar | Villager (Male) |
| 3:04 | Encolar | Villager (Male) |
| 3:36 | Encolar | Villager (Male) |
| 3:36 | Encolar | Villager (Male) |
| 4:00 | Encolar | Villager (Male) |
| 4:03 | Construir | House |
| 4:15 | Construir | Mill |
| 4:26 | Encolar | Villager (Male) |
| 4:26 | Encolar | Villager (Male) |
| 4:26 | Encolar | Villager (Male) |
| 5:23 | Encolar | Villager (Male) |
| 5:41 | Encolar | Villager (Male) |
| 5:42 | Encolar | Villager (Male) |
| 5:52 | Encolar | Villager (Male) |
| 5:52 | Encolar | Villager (Male) |
| 5:58 | Investigar | Loom |
| 6:09 | Construir | Barracks |
| 6:46 | Construir | Mining Camp |
| 7:30 | Investigar | Feudal Age |
| 7:30 | Investigar | Feudal Age |
| 7:54 | Encolar | Militia |
| 8:19 | Encolar | Militia |
| 8:36 | Encolar | Militia |
| 9:02 | Encolar | Villager (Male) |
| 9:41 | Edad | Edad Feudal |
| 9:46 | Investigar | Man-at-Arms (upgrade) |
| 9:46 | Investigar | Man-at-Arms (upgrade) |
| 9:48 | Investigar | Horse Collar |
| 9:48 | Investigar | Horse Collar |
| 9:59 | Construir | Watch Tower |
| 10:06 | Encolar | Villager (Male) |
| 10:12 | Construir | House |
| 10:23 | Construir | Palisade Wall |
| 10:25 | Construir | Palisade Wall |
| 10:26 | Construir | Palisade Wall |
| 10:28 | Construir | Palisade Wall |
| 10:30 | Construir | Palisade Wall |
| 10:31 | Construir | Palisade Wall |
| 11:12 | Encolar | Villager (Male) |
| 11:14 | Construir | Farm |
| 11:16 | Construir | Farm |
| 11:19 | Construir | House |
| 11:35 | Encolar | Villager (Male) |
| 11:42 | Construir | Farm |
| 11:44 | Encolar | Villager (Male) |
| 12:17 | Encolar | Villager (Male) |
| 12:21 | Construir | Stable |
| 12:31 | Construir | Watch Tower |
| 12:39 | Encolar | Villager (Male) |
| 12:39 | Encolar | Villager (Male) |
| 12:43 | Construir | Farm |
| 12:45 | Construir | Farm |
| 13:09 | Construir | Watch Tower |
| 13:27 | Encolar | Scout Cavalry |
| 13:27 | Encolar | Scout Cavalry |
| 13:32 | Construir | Farm |
| 13:41 | Encolar | Villager (Male) |
| 13:49 | Construir | Mill |
| 13:53 | Construir | Mill |
| 13:55 | Encolar | Villager (Male) |
| 14:15 | Construir | House |
| 14:24 | Construir | House |
| 14:27 | Construir | House |
| 14:29 | Construir | House |
| 14:33 | Construir | Palisade Wall |
| 14:36 | Construir | Palisade Wall |
| 14:37 | Construir | Palisade Wall |
| 14:41 | Encolar | Scout Cavalry |
| 14:57 | Encolar | Villager (Male) |
| 15:00 | Encolar | Scout Cavalry |
| 15:15 | Construir | Farm |
| 15:16 | Construir | Farm |
| 15:16 | Construir | Farm |
| 15:18 | Construir | Farm |
| 15:44 | Encolar | Villager (Male) |
| 15:49 | Encolar | Scout Cavalry |
| 16:04 | Encolar | Villager (Male) |
| 16:25 | Construir | Farm |
| 16:33 | Construir | Farm |
| 16:39 | Encolar | Villager (Male) |
| 16:39 | Encolar | Villager (Male) |
| 17:05 | Construir | House |
| 17:07 | Encolar | Villager (Male) |
| 17:17 | Encolar | Villager (Male) |
| 17:29 | Construir | House |
| 17:32 | Construir | Gate |
| 17:35 | Construir | House |
| 17:40 | Construir | Farm |
| 17:40 | Construir | Farm |
| 17:54 | Encolar | Villager (Male) |
| 17:57 | Encolar | Villager (Male) |
| 18:03 | Encolar | Scout Cavalry |
| 18:21 | Encolar | Scout Cavalry |
| 18:28 | Construir | Mill |
| 18:39 | Construir | House |
| 18:48 | Encolar | Villager (Male) |
| 18:48 | Encolar | Villager (Male) |
| 18:58 | Construir | Watch Tower |
| 19:20 | Encolar | Villager (Male) |
| 19:33 | Construir | Watch Tower |
| 19:47 | Encolar | Villager (Male) |
| 19:47 | Encolar | Villager (Male) |
| 19:58 | Construir | Watch Tower |
| 20:21 | Encolar | Villager (Male) |
| 20:37 | Encolar | Villager (Male) |
| 20:40 | Construir | Lumber Camp |
| 21:03 | Encolar | Villager (Male) |
| 21:08 | Investigar | Bloodlines |
| 21:22 | Construir | Watch Tower |
| 21:50 | Encolar | Villager (Male) |
| 21:53 | Construir | Farm |
| 22:02 | Encolar | Villager (Male) |
| 22:20 | Encolar | Scout Cavalry |
| 22:23 | Encolar | Villager (Male) |
| 22:52 | Construir | Gate |
| 23:04 | Construir | House |
| 23:07 | Construir | House |
| 23:10 | Encolar | Scout Cavalry |
| 23:20 | Encolar | Villager (Male) |
| 23:21 | Encolar | Villager (Male) |
| 23:28 | Construir | House |
| 23:46 | Construir | Mining Camp |
| 23:55 | Encolar | Villager (Male) |
| 24:17 | Construir | Market |
| 24:37 | Encolar | Villager (Male) |
| 24:49 | Construir | Blacksmith |
| 25:14 | Construir | Farm |
| 25:15 | Construir | Farm |
| 25:17 | Construir | Farm |
| 25:18 | Construir | Farm |
| 25:22 | Construir | Farm |
| 25:32 | Construir | Farm |
| 25:33 | Construir | Farm |
| 25:34 | Construir | Farm |
| 25:37 | Encolar | Villager (Male) |
| 25:38 | Encolar | Villager (Male) |
Build order — 苏沐卿
Primeras 150 de 432 acciones detectadas
| 0:00 | Encolar | Villager (Male) |
| 0:00 | Encolar | Villager (Male) |
| 0:00 | Encolar | Villager (Male) |
| 0:00 | Encolar | Villager (Male) |
| 0:01 | Construir | House |
| 0:02 | Construir | House |
| 1:25 | Encolar | Villager (Male) |
| 1:25 | Encolar | Villager (Male) |
| 1:25 | Encolar | Villager (Male) |
| 1:48 | Construir | Lumber Camp |
| 1:56 | Encolar | Villager (Male) |
| 1:57 | Encolar | Villager (Male) |
| 2:18 | Encolar | Villager (Male) |
| 2:18 | Encolar | Villager (Male) |
| 2:45 | Encolar | Villager (Male) |
| 2:45 | Encolar | Villager (Male) |
| 3:08 | Encolar | Villager (Male) |
| 3:08 | Encolar | Villager (Male) |
| 3:17 | Construir | House |
| 3:28 | Encolar | Villager (Male) |
| 3:48 | Construir | Palisade Wall |
| 4:00 | Encolar | Villager (Male) |
| 4:00 | Encolar | Villager (Male) |
| 4:32 | Encolar | Villager (Male) |
| 4:32 | Encolar | Villager (Male) |
| 4:32 | Encolar | Villager (Male) |
| 4:40 | Encolar | Villager (Male) |
| 4:41 | Encolar | Villager (Male) |
| 5:18 | Encolar | Villager (Male) |
| 5:18 | Encolar | Villager (Male) |
| 5:35 | Encolar | Villager (Male) |
| 5:35 | Investigar | Loom |
| 5:54 | Construir | Mining Camp |
| 6:44 | Construir | Palisade Wall |
| 6:45 | Construir | Palisade Wall |
| 7:00 | Investigar | Feudal Age |
| 7:25 | Construir | Barracks |
| 7:39 | Encolar | Villager (Male) |
| 7:44 | Construir | Barracks |
| 7:48 | Construir | House |
| 7:49 | Construir | Palisade Wall |
| 8:17 | Encolar | Villager (Male) |
| 8:30 | Construir | House |
| 9:15 | Edad | Edad Feudal |
| 9:20 | Construir | Archery Range |
| 9:33 | Construir | Archery Range |
| 9:38 | Construir | Archery Range |
| 9:39 | Encolar | Villager (Male) |
| 9:44 | Construir | Archery Range |
| 9:47 | Construir | House |
| 9:54 | Construir | House |
| 9:59 | Construir | Watch Tower |
| 10:16 | Encolar | Villager (Male) |
| 10:32 | Encolar | Archer |
| 10:32 | Encolar | Archer |
| 10:32 | Encolar | Archer |
| 10:55 | Construir | Watch Tower |
| 10:55 | Encolar | Archer |
| 10:55 | Encolar | Archer |
| 10:56 | Encolar | Villager (Male) |
| 11:06 | Encolar | Villager (Male) |
| 11:07 | Encolar | Villager (Male) |
| 11:33 | Encolar | Archer |
| 11:33 | Encolar | Archer |
| 11:56 | Encolar | Villager (Male) |
| 12:01 | Construir | Mill |
| 12:07 | Encolar | Villager (Male) |
| 12:14 | Encolar | Archer |
| 12:14 | Encolar | Archer |
| 12:22 | Construir | House |
| 12:29 | Encolar | Archer |
| 12:29 | Encolar | Archer |
| 12:54 | Encolar | Archer |
| 12:54 | Encolar | Archer |
| 13:06 | Encolar | Archer |
| 13:06 | Encolar | Archer |
| 13:11 | Encolar | Villager (Male) |
| 13:11 | Encolar | Villager (Male) |
| 13:19 | Encolar | Archer |
| 13:19 | Encolar | Archer |
| 13:36 | Encolar | Villager (Male) |
| 13:36 | Encolar | Villager (Male) |
| 13:38 | Construir | Farm |
| 13:41 | Construir | House |
| 13:41 | Encolar | Archer |
| 13:41 | Encolar | Archer |
| 13:51 | Encolar | Archer |
| 13:58 | Encolar | Villager (Male) |
| 13:59 | Encolar | Villager (Male) |
| 14:05 | Construir | House |
| 14:18 | Encolar | Archer |
| 14:25 | Encolar | Villager (Male) |
| 14:26 | Encolar | Archer |
| 14:33 | Encolar | Archer |
| 14:38 | Construir | Farm |
| 14:43 | Encolar | Villager (Male) |
| 14:47 | Encolar | Archer |
| 14:55 | Encolar | Archer |
| 14:58 | Encolar | Spearman |
| 15:02 | Construir | Farm |
| 15:16 | Encolar | Archer |
| 15:16 | Encolar | Villager (Male) |
| 15:25 | Construir | Farm |
| 15:32 | Encolar | Villager (Male) |
| 15:32 | Encolar | Villager (Male) |
| 15:38 | Construir | Blacksmith |
| 15:52 | Construir | House |
| 15:53 | Construir | House |
| 16:00 | Encolar | Villager (Male) |
| 16:08 | Encolar | Spearman |
| 16:33 | Encolar | Villager (Male) |
| 16:45 | Encolar | Villager (Male) |
| 16:47 | Construir | Archery Range |
| 16:50 | Construir | Farm |
| 17:04 | Encolar | Villager (Male) |
| 17:06 | Encolar | Spearman |
| 17:15 | Encolar | Villager (Male) |
| 17:31 | Construir | Farm |
| 17:33 | Construir | Farm |
| 17:35 | Construir | Farm |
| 18:03 | Construir | House |
| 18:05 | Construir | House |
| 18:09 | Construir | Farm |
| 18:10 | Encolar | Villager (Male) |
| 18:11 | Investigar | Wheelbarrow |
| 18:56 | Construir | Farm |
| 18:57 | Construir | Farm |
| 19:07 | Investigar | Fletching |
| 19:08 | Investigar | Fletching |
| 19:36 | Encolar | Villager (Male) |
| 19:45 | Construir | Market |
| 19:54 | Construir | House |
| 19:56 | Construir | House |
| 19:58 | Construir | House |
| 19:59 | Construir | Palisade Wall |
| 20:03 | Construir | House |
| 20:36 | Investigar | Castle Age |
| 20:36 | Investigar | Castle Age |
| 20:51 | Construir | House |
| 20:59 | Encolar | Archer |
| 20:59 | Encolar | Archer |
| 21:31 | Encolar | Archer |
| 21:31 | Encolar | Archer |
| 21:32 | Encolar | Villager (Male) |
| 21:38 | Encolar | Archer |
| 21:48 | Encolar | Archer |
| 21:54 | Construir | Lumber Camp |
| 22:08 | Encolar | Archer |
| 22:32 | Investigar | Double-Bit Axe |
| 22:32 | Investigar | Double-Bit Axe |
Cronología de la partida
| 3:48 | 苏沐卿 · wall_segment Palisade Wall x5 |
| 6:09 | Jaco · first_building Barracks |
| 6:44 | 苏沐卿 · wall_segment Palisade Wall x1 |
| 6:45 | 苏沐卿 · wall_segment Palisade Wall x1 |
| 7:25 | 苏沐卿 · first_building Barracks |
| 7:49 | 苏沐卿 · wall_segment Palisade Wall x1 |
| 9:15 | 苏沐卿 · age_up feudal |
| 9:20 | 苏沐卿 · first_building Archery Range |
| 9:41 | Jaco · age_up feudal |
| 10:23 | Jaco · wall_segment Palisade Wall x1 |
| 10:25 | Jaco · wall_segment Palisade Wall x1 |
| 10:26 | Jaco · wall_segment Palisade Wall x1 |
| 10:28 | Jaco · wall_segment Palisade Wall x1 |
| 10:30 | Jaco · wall_segment Palisade Wall x1 |
| 10:31 | Jaco · wall_segment Palisade Wall x1 |
| 12:21 | Jaco · first_building Stable |
| 14:33 | Jaco · wall_segment Palisade Wall x5 |
| 14:36 | Jaco · wall_segment Palisade Wall x1 |
| 14:37 | Jaco · wall_segment Palisade Wall x1 |
| 19:59 | 苏沐卿 · wall_segment Palisade Wall x1 |
| 20:15 | 苏沐卿 · first_market_buy 100 food |
| 20:22 | 苏沐卿 · first_market_sell 100 wood |
| 22:57 | 苏沐卿 · wall_segment Stone Wall x1 |
| 22:59 | 苏沐卿 · wall_segment Stone Wall x1 |
| 23:03 | 苏沐卿 · wall_segment Stone Wall x1 |
| 23:05 | 苏沐卿 · wall_segment Stone Wall x1 |
| 23:07 | 苏沐卿 · wall_segment Stone Wall x1 |
| 23:16 | 苏沐卿 · age_up castle |
| 23:17 | 苏沐卿 · wall_segment Stone Wall x1 |
| 24:23 | 苏沐卿 · first_building Siege Workshop |
| 28:14 | Jaco · first_market_buy 100 stone |
| 28:44 | Jaco · age_up castle |
| 29:32 | Jaco · first_market_sell 100 food |
| 30:43 | Jaco · first_building Siege Workshop |
| 31:29 | 苏沐卿 · wall_segment Stone Wall x12 |
| 31:34 | 苏沐卿 · wall_segment Stone Wall x11 |
| 32:28 | 苏沐卿 · wall_segment Stone Wall x7 |
| 33:09 | 苏沐卿 · wall_segment Stone Wall x3 |
| 33:11 | 苏沐卿 · wall_segment Stone Wall x3 |
| 37:57 | 苏沐卿 · first_building Castle |
| 37:58 | Jaco · first_building Castle |
| 39:36 | Jaco · resign |
[ ANÁLISIS IA · 1 CRÉDITO ]
¿Qué pasó realmente en esta partida?
Wolo.gg analiza cada decisión: build order, eco, micro, errores típicos por bracket. Análisis personalizado por WhatsApp o Discord en 30 segundos.
Guía civ
Polacos
Perfil
Jugador #1470140